 Dungeon Crawl Stone Soup version 0.32-a0-960-g3814254bd7 (webtiles) character file.

Game seed: 6230700344764144379

27 Ahpoh the Slasher (level 3, -4/28 HPs)
             Began as a Barachi Gladiator on Apr 16, 2024.
             Slain by Sigmund
             ... wielding a +0 scythe of protection
              (11 damage)
             ... on level 2 of the Dungeon on Apr 17, 2024.
             The game lasted 00:03:56 (675 turns).

Ahpoh the Slasher (Barachi Gladiator)                Turns: 675, Time: 00:03:56

Health: -4/28      AC:  4    Str: 15    XL:     3   Next: 10%
Magic:  3/3        EV: 12    Int:  8    God:
Gold:   63         SH:  0    Dex: 15    Spells: 2/2 levels left

rFire   . . .        a - +0 long sword
rCold   . . .        (no shield)
rNeg    . . .        b - +0 leather armour
rPois   .            c - +0 helmet
rElec   .            (no cloak)
rCorr   .            (no gloves)
SInv    .            (no boots)
Will    .....        (no amulet)
Stlth   +            (no ring)
HPRegen 0.24/turn    (no ring)
MPRegen 0.08/turn

%: no passive effects
@: slow
A: amphibious, slowness 1, strong legs 1, +LOS
a: Hop


You were on level 2 of the Dungeon.
You visited 1 branch of the dungeon, and saw 2 of its levels.

You collected 63 gold pieces.

Inventory:

Hand Weapons
 a - a +0 long sword (weapon)
Missiles
 e - a javelin
Armour
 b - a +0 leather armour (worn)
 c - a +0 helmet (worn)
Jewellery
 j - a ring of flight
 n - a ring of magical power
Scrolls
 f - a scroll of enchant armour {unknown}
 i - a scroll of identify
 k - a scroll of vulnerability {unknown}
 l - a scroll of blinking {unknown}
 o - a scroll of revelation {unknown}
Potions
 g - a potion of curing
 h - a potion of attraction {unknown}
 m - a potion of resistance {unknown}


   Skills:
 * Level 2.6 Fighting
 * Level 4.2 Long Blades
 * Level 2.1 Throwing
 * Level 0.1 Armour
 * Level 3.9 Dodging


You had 2 spell levels left.
You didn't know any spells.
Your spell library contained the following spells:

 Spells                   Type           Power      Damage    Failure   Level
 Dazzling Flash           Conj/Hex       0%         N/A       85%         3
 Mephitic Cloud           Conj/Alch/Air  0%         N/A       85%         3
 Silence                  Hex/Air        0%         N/A       100%        5


Dungeon Overview and Level Annotations

Branches:
Dungeon (2/15)

Altars:

Annotations:
D:2 Sigmund


Innate Abilities, Weirdness & Mutations

You are amphibious.
You cover ground slowly.
You can hop short distances.
You have an extended range of vision and can be seen from far away.


Message History

You hit Sigmund.
Sigmund is severely wounded.
Sigmund screams, "Die, monster!"
Sigmund struggles against the net.
Sigmund laughs darkly.
Sigmund struggles against the net.
You barely miss Sigmund.
Sigmund is severely wounded.
Sigmund struggles against the net.
The net rips apart, and Sigmund comes free!
You barely miss Sigmund.
Sigmund is severely wounded.
Sigmund casts a spell at you.
You are confused.
Sigmund points at you and mumbles some strange words.
You resist with significant effort. Sigmund attacks as he pursues you!
Sigmund barely misses you. Sigmund barely misses you.
Sigmund laughs darkly.
Sigmund closely misses you.
You feel less confused. Sigmund closely misses you.
Throw: throwing net
Press: ? - help, Q - select action, (/) - cycle Shift-Dir - straight line, f/p - Sigmund
Aim: Sigmund, wielding a +0 scythe of protection and wearing a +0 robe (severely wounded, 53% to hit)
You throw a throwing net.
The throwing net closely misses Sigmund.
The throwing net closely misses the kobold.
The throwing net hits the giant cockroach.
The giant cockroach is caught in the net!
The giant cockroach struggles against the net.
Sigmund screams, "Only death can liberate you!"
Sigmund hits you with a +0 scythe of protection.
* * * LOW HITPOINT WARNING * * *
You closely miss Sigmund.
Sigmund is severely wounded.
The giant cockroach struggles against the net.
Sigmund hits you with a +0 scythe of protection!
You die...
Sigmund begins carving another notch in his scythe.

########.## #.# #.#
##'## ##...##
##.....## #
##.[.....##
##...####.........#
......BK@@........+
#..$.####.........#
#. ##.......##
##.....## ##...##
##+##


You could see Sigmund, a giant cockroach (caught) and a kobold.

Vanquished Creatures
  A giant cockroach (D:1)
  6 goblins (D:1)
  6 hobgoblins (D:1)
  2 quokkas (D:1)
  2 bats (D:1)
  3 frilled lizards (D:1)
  3 kobolds (D:1)
  A rat (D:1)
24 creatures vanquished.

Notes
Turn   | Place    | Note
-------+----------+-------------------------------------------
     0 | D:1      | Ahpoh the Barachi Gladiator began the quest for the Orb.
     0 | D:1      | Reached XP level 1. HP: 17/17 MP: 1/1
     7 | D:1      | Upgraded the game from 0.32-a0-953-g508020473e to
                  | 0.32-a0-960-g3814254bd7
   124 | D:1      | Reached XP level 2. HP: 23/23 MP: 2/2
   281 | D:1      | Reached skill level 4 in Long Blades
   462 | D:1      | Reached XP level 3. HP: 27/28 MP: 3/3
   644 | D:2      | Noticed Sigmund
   675 | D:2      | Slain by Sigmund

Illustrated notes

Levels and vault maps discovered:
D:1:      wander_arrival_fairy_ring, layout_rooms
D:2:      layout_loops_corners, chequers_serial_rivers_micro_e, uniq_sigmund

Skill      XL: |  1  2 |
---------------+-------+-----
Long Blades    | 4 |  4.2
Fighting       | |  2.6
Throwing       | |  2.1
Armour         | |  0.1
Dodging        | |  3.9

Action                     || total
---------------------------++-------
  Melee: Long sword        ||   105
  Throw: Throwing net      ||     3
    Use: Scroll            ||     1
 Armour: Leather armour    ||    65
  Dodge: Dodged            ||    92

Table legend: (Time is in decaauts)
 A = Elapsed time spent in this place.
 B = Non-inter-level travel time spent in this place.
 C = Inter-level travel time spent in this place.
 D = Time resting spent in this place.
 E = Time spent auto-exploring this place.
 F = Levels seen in this place.
 G = Mean time per level.
                   A        B        C        D        E       F      G
               +--------+--------+--------+--------+--------+-----+--------+
         Total |    789 |    765 |     24 |      0 |    422 |   2 |  394.5 |
       Dungeon |    789 |    765 |     24 |      0 |    422 |   2 |  394.5 |
               +--------+--------+--------+--------+--------+-----+--------+

Top non-repeatable levels by time:
     D:1: 707 daAuts
     D:2: 81 daAuts
